AoeStats
← ITZ | AutocavS

Arabia

509207017Analyzed
1v1 RM · 8d ago on Sep 25, 2026· 46m 34s· 2 players
Game mode
Random Map
Map size
Tiny (2 player)
Population
200
Speed
Normal
Resources
Standard
Victory
Conquest
Starting age
Dark Age
Ending age
Imperial Age
RankedLock teamsTeams togetherTeam positionsShared explorationLock speedFull tech treeHidden civsTurbo modeCheats
Victory
Defeat
🇦🇷 Magyars · Argentina
1451
+16
🇲🇦 Wei · Morocco
1448
-16
ABA_HANDALA
9:03 Feudal Age
7:20 Loom
10:58 Double-Bit Axe
11:00 Horse Collar
20:41 Castle Age
19:05 Gold Mining
19:37 Bloodlines
19:55 Fletching
20:06 Padded Archer Armor
21:45 Bow Saw
21:31 Pikeman
22:34 Leather Archer Armor
22:40 Bodkin Arrow
23:09 Husbandry
26:47 Ballistics
38:21 Thumb Ring
42:13 Wheelbarrow
41:42 Elite Skirmisher
45:11 Imperial Age
43:54 Gold Shaft Mining
43:59 Light Cavalry
45:59 Bracer
47:06 Chemistry
ITZ | AutocavS
6:25 Loom
9:08 Feudal Age
9:39 Double-Bit Axe
11:34 Horse Collar
20:18 Castle Age
18:10 Gold Mining
18:57 Fletching
19:09 Padded Archer Armor
19:26 Bloodlines
21:01 Bodkin Arrow
22:14 Leather Archer Armor
22:56 Husbandry
23:33 Ballistics
27:19 Bow Saw
27:31 Scale Barding Armor
29:06 Wheelbarrow
28:44 Thumb Ring
31:30 Elite Skirmisher
37:06 Hand Cart
37:46 Gold Shaft Mining
37:04 Stone Mining
37:07 Town Watch
42:36 Imperial Age
40:10 Light Cavalry
43:36 Chain Barding Armor
43:20 Heavy Cavalry Archer
44:15 Bracer
45:07 Parthian Tactics
45:45 Chemistry
44:24 Hussar
46:09 Ring Archer Armor
Connection lost

Rejoining the realm…

Still unreachable

The connection could not be restored.

Session expired

The server has moved on; the page needs a fresh start.